 Dungeon Crawl Stone Soup version 0.27.1 (webtiles) character file.

Game seed: 1413491570857643090

1617 Artemis the Caller (level 8, -3/55 HPs)
             Began as a Merfolk Summoner on Aug 30, 2021.
             Was a Follower of Sif Muna.
             Killed from afar by Maggie (33 damage)
             ... with a bolt of fire
             ... on level 7 of the Dungeon.
             The game lasted 00:59:41 (7658 turns).

Artemis the Caller (Merfolk Summoner)               Turns: 7658, Time: 00:59:41

Health: -3/55      AC: 13    Str:  8    XL:     8   Next: 96%
Magic:  10/16      EV: 17    Int: 24    God:    Sif Muna [*.....]
Gold:   294        SH:  9    Dex: 15    Spells: 6/18 levels left

rFire    x . .     SeeInvis .   b - +2 short sword (venom)
rCold    . . .     Faith    .   (no shield)
rNeg     . . .     Spirit   .   w - +1 leather armour of Misanthropy {rElec rF- rCorr Int+8}
rPois    .         Reflect  +   p - +2 helmet
rElec    +         Harm     .   N - +0 cloak
rCorr    +         Rampage  .   L - +0 pair of gloves
Will     +....     Rnd*Tele +   (no boots)
Stlth    ++........             z - amulet of reflection
HPRegen  0.18/turn              q - +4 ring of protection
MPRegen  0.15/turn              C - +4 ring of evasion

@: no status effects
A: (nimble swimmer 2), mertail, large bone plates 1, strong-willed 1,
teleportitis 1
a: Renounce Religion, Channel Magic


You were on level 7 of the Dungeon.
You worshipped Sif Muna.
Sif Muna was aware of your devotion.
You visited 2 branches of the dungeon, and saw 8 of its levels.
You also visited: Sewer and Ossuary.

You collected 314 gold pieces.
You spent 20 gold pieces at shops.

Inventory:

Hand Weapons
 b - a +2 short sword of venom (weapon)
 d - a +0 club
 e - a +0 hand axe
 f - a +0 dagger
 h - a +0 hand axe of distortion
 x - a +0 flail of protection
Missiles
 s - 27 poisoned darts
 O - a curare-tipped dart
Armour
 a - a +0 robe
 p - a +2 helmet (worn)
 w - the +1 leather armour of Misanthropy (worn) {rElec rF- rCorr Int+8}
   (You found it in a sewer)

   Int:       It affects your intelligence (+8).
   rF:        It makes you vulnerable to fire.
   rElec:     It insulates you from electricity.
   rCorr:     It protects you from acid and corrosion.
 A - a +0 scale mail of cold resistance
 L - a +0 pair of gloves (worn)
 N - a +0 cloak (worn)
Magical Staves
 g - a staff of cold
 y - a staff of death
 M - a staff of poison
Jewellery
 q - a +4 ring of protection (left hand)
 z - an amulet of reflection (around neck)
 B - an amulet of faith
 C - a +4 ring of evasion (right hand)
Scrolls
 k - 7 scrolls of identify
 n - 2 scrolls of fear {unknown}
 r - 6 scrolls of teleportation {unknown}
 t - 2 scrolls of enchant weapon {unknown}
 v - a scroll of fog {unknown}
 D - a scroll of summoning {unknown}
 E - a scroll of acquirement {unknown}
 G - a scroll of brand weapon {unknown}
 I - a scroll of amnesia {unknown}
 J - a scroll of immolation {unknown}
Potions
 c - 2 potions of might
 i - 3 potions of heal wounds {unknown}
 j - 2 potions of flight {unknown}
 l - a potion of ambrosia {unknown}
 m - 2 potions of curing
 o - a potion of experience {unknown}
 u - a potion of cancellation {unknown}
 F - 2 potions of attraction {unknown}
 H - 2 potions of invisibility {unknown}
 K - a potion of degeneration {unknown}


   Skills:
 + Level 1.7 Fighting
 + Level 1.6 Short Blades
 + Level 1.2 Armour
 + Level 4.8 Dodging
 + Level 3.5 Stealth
 - Level 0.3 Shields
 + Level 0.3 Unarmed Combat
 + Level 5.8 Spellcasting
 + Level 7.2 Summonings
 * Level 3.1 Air Magic
 * Level 1.7 Poison Magic


You had 6 spell levels left.
You knew the following spells:

 Your Spells              Type           Power      Damage    Failure   Level
a - Summon Small Mammal   Summ           100%       N/A       1%          1
b - Call Canine Familiar  Summ           41%        N/A       1%          3
c - Call Imp              Summ           41%        N/A       1%          2
d - Summon Lightning Spi  Summ/Air       31%        N/A       14%         4
e - Poisonous Vapours     Pois/Air       36%        N/A       6%          2

Your spell library contained the following spells:

 Spells                   Type           Power      Damage    Failure   Level
 Summon Guardian Golem    Hex/Summ       24%        N/A       8%          3
 Sting                    Tmut/Pois      44%        1d5       9%          1
 Olgreb's Toxic Radiance  Pois           15%        N/A       50%         4


Dungeon Overview and Level Annotations

Branches:
Dungeon (7/15)             Temple (1/1) D:5           Sewer (visited)
Ossuary (visited)

Altars:
Hepliaklqana
Sif Muna
Xom

Shops:
D:1 ?

Annotations:
D:2 1 runed translucent door, Crazy Yiuf
D:3 Sigmund
D:7 Maggie


Innate Abilities, Weirdness & Mutations

((You are quick and stealthy near water. (Stealth+, EV+, Speed+++)))
Your lower body shifts to a powerful aquatic tail in water.
You are partially covered in large bone plates. (SH +4)
You are strong-willed. (Will+)
You are occasionally teleported next to monsters.


Message History

Maggie shouts!
Casting: Call Canine Familiar (safe; 1% risk of failure)
Confirm with . or Enter, or press ? or * to list all spells.
A beastly little devil appears in a puff of flame.
Maggie casts a spell at you. The bolt of fire hits your wolf!
The bolt of fire hits you. The fire burns you terribly!
Your wolf bites Maggie.
Casting: Call Imp (safe; 1% risk of failure)
Confirm with . or Enter, or press ? or * to list all spells.
A metallic apparition takes form in the air.
Maggie hits your wolf with a +0 broad axe!
Your wolf dies!
Your wolf's corpse disappears in a puff of smoke!
Maggie hits your iron imp but does no damage.
Your crimson imp blinks!
Casting: Call Imp (safe; 1% risk of failure)
Confirm with . or Enter, or press ? or * to list all spells.
A howler monkey zombie comes into view.
Your iron imp closely misses Maggie.
Maggie mumbles some strange words.
Maggie attempts to bespell you! You resist with almost no effort.
Your wolf closely misses Maggie.
Your wolf bites Maggie.
You hit Maggie but do no damage.
Maggie is poisoned.
Maggie is lightly wounded.
Your wolf bites Maggie.
Maggie casts a spell at you. The bolt of fire hits you!!
The fire burns you terribly!
Your iron imp closely misses Maggie.
Your wolf closely misses Maggie.
You hit Maggie.
Maggie looks as sick as possible!
Maggie is moderately wounded.
Your wolf barely misses Maggie.
Maggie hits you but does no damage.
Maggie hits your iron imp with a +0 broad axe.
Maggie hits your wolf with a +0 broad axe.
Your iron imp closely misses Maggie.
Your wolf bites Maggie!
You hit Maggie but do no damage.
Maggie looks as sick as possible!
Maggie is heavily wounded.
Maggie points at you and mumbles some strange words.
The bolt of fire hits you!! The fire burns you terribly!
Ouch! That really hurt!
You die...

# #. .# .#.. .# #.#.#.
#5#... #####.##.#
#.....##.# ##### #.#
#.##.#####.#
....#####.###55@@......#
###>...........h.#######
.....>.............#
#############(.Z##.# #
##.## .# # #.# # #.# #.#
#.#


You could see Maggie (extremely poisoned, ally target), a howler monkey zombie,
a friendly wolf (summoned), a friendly iron imp (summoned) and a friendly
crimson imp (summoned).

Vanquished Creatures
  An ogre (D:4)
  A lemure (D:7)
  2 scorpions
  A wyvern zombie (D:6)
  2 water moccasin zombies
  2 centaur skeletons
  An orc wizard (D:4)
  2 adders
  3 adder zombies (Ossuary)
  An adder skeleton (D:4)
  A dart slug (D:2)
  2 endoplasms
  2 giant cockroaches
  3 goblins
  A hobgoblin (D:1)
  4 ball pythons
  5 bats
  4 frilled lizards
  2 hobgoblin zombies (Ossuary)
  A kobold (D:4)
  2 kobold zombies (Ossuary)
  An orc zombie (Ossuary)
  6 rats
50 creatures vanquished.

Vanquished Creatures (collateral kills)
  A two-headed ogre (D:7)
  2 water moccasins (D:6)
  A sky beast (D:6)
  Purgy (Sewer)
  An ice beast (D:5)
  A black bear (D:5)
  An ogre (D:5)
  2 kobold brigands
  2 bullfrogs
  2 water moccasin zombies
  A water moccasin skeleton (D:5)
  2 howler monkeys (D:6)
  A centaur zombie (D:5)
  2 hounds
  An orc priest (D:4)
  A centaur skeleton (D:5)
  2 orc wizards (D:4)
  2 mummies (Ossuary)
  A howler monkey zombie (D:7)
  4 gnolls
  2 adders
  A white imp (D:5)
  2 adder zombies (Ossuary)
  A worm (D:3)
  A dart slug (D:1)
  7 orcs
  6 endoplasms
  6 giant cockroaches
  A gnoll zombie (Ossuary)
  3 goblins
  10 kobolds
  2 quokkas (D:4)
  4 ball pythons
  4 frilled lizards
  4 hobgoblin zombies (Ossuary)
  4 kobold zombies (Ossuary)
  5 orc zombies (Ossuary)
  2 rats
96 creatures vanquished.

Grand Total: 146 creatures vanquished

Notes
Turn   | Place    | Note
-------+----------+-------------------------------------------
     0 | D:1      | Artemis the Merfolk Summoner began the quest for the Orb.
     0 | D:1      | Reached XP level 1. HP: 13/13 MP: 3/3
   438 | D:1      | Reached XP level 2. HP: 6/19 MP: 1/5
   763 | D:1      | Found Joogg's Magic Scroll Emporium.
   776 | D:1      | Bought a scroll of identify for 20 gold pieces
  1399 | D:2      | Reached XP level 3. HP: 10/24 MP: 6/6
  2090 | D:2      | Found a runed translucent door.
  2091 | D:2      | Noticed Crazy Yiuf
  2113 | D:2      | Learned a level 3 spell: Call Canine Familiar
  2116 | D:2      | Learned a level 2 spell: Call Imp
  2552 | D:3      | Reached XP level 4. HP: 21/30 MP: 2/8
  2634 | D:3      | Noticed a bullfrog
  2654 | D:3      | Killed a bullfrog
  2997 | D:3      | Noticed Sigmund
  3084 | D:4      | Reached skill level 1 in Short Blades
  3084 | D:4      | Reached XP level 5. HP: 16/36 MP: 3/9
  3087 | D:4      | Gained mutation: Your spells are a little harder to cast,
                  | but a little more powerful. [potion of mutation]
  3087 | D:4      | Gained mutation: You are occasionally teleported next to
                  | monsters. [potion of mutation]
  3274 | D:4      | Reached skill level 5 in Summonings
  3440 | D:4      | Found a glowing drain.
  3476 | Sewer    | Entered a sewer
  3601 | Sewer    | Noticed Purgy
  3674 | Sewer    | Killed Purgy
  3675 | Sewer    | Reached XP level 6. HP: 33/42 MP: 6/11
  3746 | Sewer    | Lost mutation: Your spells are a little harder to cast, but
                  | a little more powerful. [potion of mutation]
  3746 | Sewer    | Gained mutation: You are strong-willed. (Will+) [potion of
                  | mutation]
  3746 | Sewer    | Gained mutation: You are partially covered in large bone
                  | plates. (SH +4) [potion of mutation]
  3871 | Sewer    | Identified the +1 leather armour of Misanthropy {rElec rF-
                  | rCorr Int+8}
  4226 | D:4      | Found a shimmering altar of Xom.
  4432 | D:4      | Found a hazy altar of Hepliaklqana.
  4610 | D:5      | Entered Level 5 of the Dungeon
  4920 | D:5      | Noticed an ice beast
  4976 | D:5      | Killed an ice beast
  5065 | D:5      | Reached XP level 7. HP: 47/47 MP: 13/13
  5086 | D:5      | Learned a level 4 spell: Summon Lightning Spire
  5186 | D:5      | Reached skill level 1 in Fighting
  5191 | D:5      | Reached skill level 6 in Summonings
  5221 | D:5      | Found a staircase to the Ecumenical Temple.
  5251 | Temple   | Entered the Ecumenical Temple
  5260 | Temple   | Became a worshipper of Sif Muna the Loreminder
  5426 | D:5      | Reached skill level 1 in Air Magic
  5976 | D:6      | Found a sand-covered staircase.
  6041 | Ossuary  | Entered an ossuary
  6138 | Ossuary  | Reached * piety under Sif Muna
  6162 | Ossuary  | Reached XP level 8. HP: 54/54 MP: 15/15
  6533 | D:6      | Reached skill level 5 in Spellcasting
  6629 | D:6      | Reached skill level 1 in Armour
  6661 | D:6      | Learned a level 2 spell: Poisonous Vapours
  7270 | D:7      | Noticed a two-headed ogre
  7457 | D:7      | Killed a two-headed ogre
  7458 | D:7      | Reached skill level 7 in Summonings
  7458 | D:7      | Reached skill level 1 in Poison Magic
  7645 | D:7      | Noticed Maggie
  7658 | D:7      | Killed from afar by Maggie

Illustrated notes

Levels and vault maps discovered:
D:1:      roderic_dead_forest, layout_loops_cross, serial_shops, shop_scrolls,
          feat_on_display
D:2:      minmay_angry_zag, layout_basic, serial_rivers,
          chequers_serial_rivers_micro_e, chequers_serial_rivers_large_b,
          chequers_serial_rivers_micro_e, chequers_serial_rivers_micro_c,
          chequers_serial_rivers_large_a, chequers_serial_rivers_room_b,
          hangedman_decor_riveting, minmay_pentomino_w2, uniq_crazy_yiuf_cottage
D:3:      layout_basic, uniq_sigmund
D:4:      layout_loops_ring, general_overflow_altar, lemuel_crystal_altar,
          portal_sewer_entry_f
D:5:      layout_basic, minmay_temple_entry_drinking_statues,
          minmay_misc_feat_rows
D:6:      layout_loops_ring, enter_ossuary_3, columned_hall_lemuel
D:7:      layout_loops_ring, trog_wizard, uniq_maggie, uniq_harold, uniq_pikel
Temple:   jpeg_temple_clearing

Skill      XL: |  1  2  3  4  5  6  7  8 |
---------------+-------------------------+-----
Dodging        | 3 4 |  4.8
Spellcasting   | 3 4 5 |  5.8
Short Blades   | 1 |  1.6
Summonings     | 5 6 7 |  7.2
Stealth        | 3 |  3.5
Fighting       | 1 |  1.7
Air Magic      | 2 3 |  3.1
Armour         | 1 |  1.2
Poison Magic   | 1 |  1.7
Shields        | |  0.3
Unarmed Combat | |  0.3

Action                   |  1- 3 |  4- 6 |  7- 9 || total
-------------------------+-------+-------+-------++-------
Melee: Club              |    16 |       |       ||    16
       Unarmed           |     6 |       |       ||     6
       Dagger            |    76 |   112 |       ||   188
       Flail             |       |    14 |   108 ||   122
       Short sword       |       |       |     3 ||     3
 Cast: Summon Small Mamm |    30 |     3 |     6 ||    39
       Call Canine Famil |     2 |    22 |    36 ||    60
       Call Imp          |     1 |     7 |    18 ||    26
       Summon Lightning  |       |       |     1 ||     1
  Use: Scroll            |       |     1 |     3 ||     4
       Potion            |       |     3 |     1 ||     4
 Stab: Sleeping          |     5 |     2 |     2 ||     9
       Distracted        |     1 |       |     1 ||     2
Armor: Robe              |    28 |    47 |       ||    75
       Leather armour    |       |    14 |    38 ||    52
Dodge: Dodged            |    90 |    94 |    76 ||   260
Block: Other             |       |     4 |    57 ||    61
       Reflection        |       |       |     9 ||     9
